 Dungeon Crawl Stone Soup version 0.31-a0-236-g9a0961fb85 (webtiles) character file.

Game seed: 8361967266343546887

165 qw the Shooter (level 5, -1/44 HPs)
             Began as a Minotaur Hexslinger on July 10, 2023.
             Slain by a kobold brigand
             ... wielding a +0 club
              (4 damage)
             ... on level 3 of the Dungeon.
             The game lasted 00:00:47 (1702 turns).

qw the Shooter (Minotaur Hexslinger)                Turns: 1702, Time: 00:00:47

Health: -1/44      AC:  5    Str: 12    XL:     5   Next: 21%
Magic:  5/5        EV: 11    Int: 10    God:
Gold:   181        SH:  0    Dex: 15    Spells: 5/6 levels left

rFire   . . .        Y - +2 sling
rCold   . . .        (no shield)
rNeg    . . .        e - +0 ring mail
rPois   .            (helmet restricted)
rElec   .            (no cloak)
rCorr   .            (no gloves)
SInv    .            (no boots)
Will    .....        c - amulet of regeneration
Stlth   +            (no ring)
HPRegen 1.07/turn    (no ring)
MPRegen 0.09/turn

%: no passive effects
@: lethally poisoned (-1 -> -16), slowed, very slow
A: horns 2, retaliatory headbutt
a: no special abilities


You were on level 3 of the Dungeon.
You visited 1 branch of the dungeon, and saw 3 of its levels.

You collected 181 gold pieces.


Innate Abilities, Weirdness & Mutations

You have a pair of horns on your head.
You reflexively headbutt those who attack you in melee.


   Skills:
 + Level 2.8 Fighting
 - Level 5.3 Ranged Weapons
 - Level 1.0 Armour
 - Level 2.1 Dodging
 - Level 1.0 Spellcasting
 - Level 2.0 Hexes


You had 5 spell levels left.
You knew the following spells:

 Your Spells              Type           Power      Damage    Failure   Level
a - Slow                  Hex            16%        N/A       34%         1

Your spell library contained the following spells:

 Spells                   Type           Power      Damage    Failure   Level
 Inner Flame              Hex/Fire       2%         N/A       83%         3
 Portal Projectile        Hex/Tloc       4%         N/A       83%         3
 Cause Fear               Hex            2%         N/A       98%         4

Inventory:

Hand Weapons
 Y - a +2 sling (weapon)
Armour
 e - a +0 ring mail (worn)
Jewellery
 c - an amulet of regeneration (around neck)
Scrolls
 b - a scroll of butterflies {unknown}
 d - a scroll of immolation {unknown}
 f - 4 scrolls of identify
 h - a scroll of brand weapon {unknown}
Potions
 a - a potion of curing
 g - a potion of mutation {unknown}

Dungeon Overview and Level Annotations

Branches:
Dungeon (3/15)

Altars:


Message History

The sling bullet hits the kobold brigand.
The kobold brigand is moderately wounded.
You feel sick.
The kobold brigand throws a curare-tipped dart.
The curare-tipped dart hits you.
You are more poisoned.
You have difficulty breathing.
You feel yourself slow down.
You shoot a sling bullet.
The sling bullet hits the kobold brigand.
The kobold brigand is heavily wounded.
You feel extremely sick.
The kobold brigand hits you but does no damage.
The kobold brigand barely misses you.
The kobold brigand hits you with a +0 club.
You shoot a sling bullet.
The sling bullet barely misses the kobold brigand.
You feel very sick.
The kobold brigand hits you with a +0 dagger of venom.
You are more poisoned.
The kobold brigand hits you but does no damage.
The kobold brigand closely misses you. The kobold brigand barely misses you.
You shoot a sling bullet.
The sling bullet hits the kobold brigand.
The kobold brigand is heavily wounded.
You feel extremely sick. The kobold brigand misses you.
The kobold brigand hits you with a +0 club.
The kobold brigand barely misses you.
The kobold brigand hits you but does no damage.
You shoot a sling bullet.
The sling bullet hits the kobold brigand.
The kobold brigand is severely wounded.
You feel very sick.
The kobold brigand hits you with a +0 dagger of venom.
You are lethally poisoned!
The kobold brigand hits you with a +0 club.
The kobold brigand hits you but does no damage.
You are more poisoned.
The kobold brigand hits you with a +0 club.
You die...

#...#.####...#
#####....#...#
########.#...####
..................
####.#.#.######### ##
#)#.%.#######
.###.#.###...).###
.#<..#).)).).)).K######
..##....).#####.@K)...#
#.#########~~~###.......
#..## ~~~~~~~ #####..
##.%## #~~~~~~~~ ##..#
###~~~...#
##.#########...#
###..#......#...#
#...........#
#...........# .......


You could see 2 kobold brigands.

Vanquished Creatures
  A scorpion (D:3)
  4 adders
  A dart slug (D:2)
  4 orcs (D:3)
  3 ball pythons (D:3)
  5 bats
  3 endoplasms
  2 giant cockroaches
  2 goblins
  9 hobgoblins
  3 jackals (D:1)
  3 quokkas
  3 frilled lizards
  11 kobolds
  4 rats
58 creatures vanquished.

Notes
Turn   | Place    | Note
-------+----------+-------------------------------------------
     0 | D:1      | qw the Minotaur Hexslinger began the quest for the Orb.
     0 | D:1      | Reached XP level 1. HP: 16/16 MP: 1/1
     0 | D:1      | 0 ||| qw: Version: 0.3-a-52-g30416fa
     0 | D:1      | 0 ||| qw: Game counter: 4517
     0 | D:1      | 0 ||| qw: Melee chars always use a shield: true
     0 | D:1      | 0 ||| qw: God list: Okawaru
     0 | D:1      | 0 ||| qw: Allow faded altars: false
     0 | D:1      | 0 ||| qw: Do Orc after clearing Dungeon:15 true
     0 | D:1      | 0 ||| qw: Do second Lair branch before Depths: true
     0 | D:1      | 0 ||| qw: Lair rune preference: random
     0 | D:1      | 0 ||| qw: Goals: Normal
     0 | D:1      | 0 ||| PLANNING D:1-11
   187 | D:1      | Reached skill level 3 in Ranged Weapons
   225 | D:1      | Reached XP level 2. HP: 23/23 MP: 2/2
   748 | D:1      | 748 ||| UPGRADING to +0 ring mail.
   758 | D:1      | 758 ||| DROPPING +0 robe.
   759 | D:1      | 759 ||| READING scroll labelled NYFIRE QATHU.
   760 | D:1      | 760 ||| READING scroll labelled HOURIO POACVI.
   761 | D:1      | 761 ||| DRINKING 2 murky puce potions.
   762 | D:1      | 762 ||| DROPPING scroll of poison.
   893 | D:2      | Reached XP level 3. HP: 25/29 MP: 3/3
   919 | D:2      | Reached skill level 4 in Ranged Weapons
  1007 | D:2      | 1007 ||| FLEEEEING.
  1008 | D:2      | 1008 ||| FLEEEEING.
  1009 | D:2      | 1009 ||| FLEEEEING.
  1010 | D:2      | 1010 ||| FLEEEEING.
  1014 | D:2      | 1014 ||| FLEEEEING.
  1015 | D:2      | 1015 ||| FLEEEEING.
  1149 | D:2      | Reached skill level 1 in Armour
  1218 | D:2      | 1218 ||| UPGRADING to amulet of guardian spirit.
  1305 | D:2      | 1305 ||| Stepping ~*~*~tactically~*~*~ (water).
  1396 | D:2      | 1396 ||| UPGRADING to amulet of regeneration.
  1406 | D:2      | 1406 ||| DROPPING amulet of guardian spirit.
  1407 | D:2      | 1407 ||| READING 4 scrolls labelled OHUG BOGEN.
  1408 | D:2      | 1408 ||| READING scroll labelled ALYOQA YRAXOOPS.
  1409 | D:2      | 1409 ||| READING 3 scrolls of identify.
  1409 | D:2      | 1409 ||| IDENTIFYING coppery potion
  1468 | D:3      | Noticed a scorpion
  1474 | D:3      | Reached XP level 4. HP: 34/36 MP: 4/4
  1483 | D:3      | HP: 8/36 [poisoned by a scorpion]
  1484 | D:3      | 1484 ||| DRINKING potion of heal wounds.
  1487 | D:3      | Killed a scorpion
  1488 | D:3      | Reached skill level 5 in Ranged Weapons
  1523 | D:3      | Reached XP level 5. HP: 38/41 MP: 5/5
  1642 | D:3      | Found a faded altar of an unknown god.
  1702 | D:3      | HP: 10/44 [poisoned by a kobold brigand]
  1702 | D:3      | HP: 3/44 [kobold brigand/+0 club (3)]
  1702 | D:3      | Slain by a kobold brigand

Levels and vault maps discovered:
D:1:      arrival_zaba_pyramid, layout_basic
D:2:      layout_rooms, serial_bayou, serial_bayou_pond_b, serial_bayou_pond_c,
          serial_bayou_lake_a, serial_bayou_pond_e, amethyst_killhole
D:3:      cheibrodos_thug_alley, layout_basic,
          hellmonk_ecumenical_altar_heavens_door

Skill      XL: |  1  2  3  4 |
---------------+-------------+-----
Ranged Weapons | 3 4 5 |  5.3
Fighting       | 2 |  2.8
Armour         | 1 |  1.0
Dodging        | |  2.1
Spellcasting   | |  1.0
Hexes          | |  2.0

Action                     |  1- 3 |  4- 6 || total
---------------------------+-------+-------++-------
   Fire: Sling             |    97 |    71 ||   168
    Use: Scroll            |     5 |       ||     5
         Potion            |     1 |     1 ||     2
 Armour: Ring mail         |    21 |    18 ||    39
         Robe              |     1 |       ||     1
  Dodge: Dodged            |    38 |    26 ||    64

Table legend:
 A = Non-vault XP
 B = Vault XP
 C = Vault XP percentage of total XP
 D = Non-vault monster count
 E = Vault monster count
 F = Vault count percentage of total count
                 A         B        C        D         E       F
            +---------+---------+-------+---------+---------+-------
      Total |     222 |      14 |   5.9 |      49 |       9 |  15.5
            +---------+---------+-------+---------+---------+-------
        D:1 |      31 |       0 |   0.0 |      19 |       0 |   0.0
        D:2 |      61 |       0 |   0.0 |      14 |       0 |   0.0
        D:3 |     130 |      14 |   9.7 |      16 |       9 |  36.0
            +---------+---------+-------+---------+---------+-------
